 Dungeon Crawl Stone Soup version 0.29-a0-72-g1732ff48e7 (webtiles) character file.

Game seed: 18344839840720679039

65 lmSkywalker the Magician (level 4, -3/31 HPs)
             Began as a Djinni Fire Elementalist on Feb 3, 2022.
             Killed from afar by Natasha (5 damage)
             ... with a magic dart
             ... on level 2 of the Dungeon.
             The game lasted 00:04:27 (1679 turns).

lmSkywalker the Magician (Djinni Fire Elementalist) Turns: 1679, Time: 00:04:28

Health: -3/31      AC:  5    Str:  7    XL:     4   Next: 35%
Gold:   100        EV: 12    Int: 19    God:
                   SH:  0    Dex: 13

rFire   + + .      SeeInvis +   d - +0 whip
rCold   x . .      Faith    .   (no shield)
rNeg    . . .      Spirit   .   a - +0 robe
rPois   ∞          Reflect  .   g - +2 helmet {SInv}
rElec   .          Harm     .   (no cloak)
rCorr   +          Rampage  .   (no gloves)
Will    .....                   (boots unavailable)
Stlth   ++........              (no amulet)
HPRegen 0.10/turn               e - ring of resist corrosion
MPRegen 0.00/turn               (no ring)

@: flying
A: sickness immunity, fire resistance 2, cold vulnerability 1, float, innate
caster, HP casting, extra vitality 1
a: no special abilities


You were on level 2 of the Dungeon.
You visited 1 branch of the dungeon, and saw 2 of its levels.

You collected 100 gold pieces.

Inventory:

Hand Weapons
 d - a +0 whip (weapon)
Armour
 a - a +0 robe (worn)
 g - a +2 helmet of see invisible (worn)
Jewellery
 e - a ring of resist corrosion (left hand)
Scrolls
 b - 2 scrolls of teleportation {unknown}
 f - a scroll of identify {unknown}
 h - a scroll of brand weapon {unknown}
 i - a scroll of blinking {unknown}
Potions
 c - a potion of curing
 j - a potion of magic {unknown}
 k - a potion of mutation {unknown}
 l - a potion of flight {unknown}


   Skills:
 - Level 2.1 Dodging
 - Level 1.5 Stealth
 + Level 3.8 Spellcasting


You couldn't memorise any spells.
You knew the following spells:

 Your Spells              Type           Power      Damage    Failure   Level
a - Foxfire               Conj/Fire      72%        2x1d7     3%          1
b - Scorch                Fire           36%        2d7       4%          2
c - Conjure Flame         Conj/Fire      18%        6-21      9%          3
d - Inner Flame           Hex/Fire       18%        N/A       9%          3
e - Flame Wave            Conj/Fire      18%        2d6       28%         4
f - Apportation           Tloc           36%        N/A       3%          1
Your spell library was empty.

Dungeon Overview and Level Annotations

Branches:
Dungeon (2/15)

Altars:

Annotations:
D:2 1 runed translucent door, Crazy Yiuf, Natasha


Innate Abilities, Weirdness & Mutations

You are immune to sickness and miasma.
You are immune to poison.
Your flesh is very heat resistant. (rF++)
You are vulnerable to cold. (rC-)
You float through the air rather than walking.
You learn spells naturally, not from books.
Your magical power is your life essence.
You have superior vitality. (+4 MHP)


Message History

Casting: Foxfire (safe; 3% risk of failure)
Confirm with . or Enter, or press ? or * to list all spells.
You conjure some foxfire!
The foxfire hits the crimson imp but does no damage. x2
Natasha stares at you and mumbles some strange words.
The magic dart hits you. The crimson imp hits you.
Casting: Foxfire (safe; 3% risk of failure)
Confirm with . or Enter, or press ? or * to list all spells.
You conjure some foxfire!
The foxfire hits the crimson imp.
The crimson imp completely resists.
The foxfire hits the crimson imp but does no damage.
Natasha closely misses you. The crimson imp barely misses you.
Casting: Foxfire (safe; 3% risk of failure)
Confirm with . or Enter, or press ? or * to list all spells.
You conjure some foxfire!
The foxfire hits the crimson imp but does no damage. x2
Natasha howls an incantation.
Natasha shimmers violently.
Natasha claws you!
* * * LOW HITPOINT WARNING * * *
The crimson imp closely misses you.
Casting: Foxfire (safe; 3% risk of failure)
Confirm with . or Enter, or press ? or * to list all spells.
Flames lash the crimson imp.
The crimson imp completely resists.
* * * LOW HITPOINT WARNING * * *
The foxfire hits the crimson imp but does no damage.
The foxfire hits the crimson imp.
The crimson imp completely resists.
Natasha howls an incantation.
Natasha glows brightly for a moment.
Natasha claws you but does no damage.
The crimson imp blinks!
Casting: Scorch (safe; 4% risk of failure)
Confirm with . or Enter, or press ? or * to list all spells.
You don't have enough health to cast this spell.
Casting: Scorch (safe; 4% risk of failure)
Confirm with . or Enter, or press ? or * to list all spells.
You conjure some foxfire!
* * * LOW HITPOINT WARNING * * *
Natasha stares at you and mumbles some strange words.
The magic dart hits you.
You die...

#.# #....).......##.....
..############............##.....
###.......................##.....
#.##.#.######...........##.....
#.##.#.# #...........##.....
###.##.#.######...........##.)...
..........................''.....
....##.#.######.§h........##.....
..#......# ###.@v........#######
..#.####.####.5.v.###############
.................................
..#.####.####.###.###############
..#.# #.####.###.# ..#.#
#......#...# ..#.# ########.#.#
..#.# #######.### .##.# #.......#


You could see Natasha (combustible, ally target) and a crimson imp (summoned,
ally target).

Vanquished Creatures
  Natasha (D:2)
  An adder (D:2)
  3 endoplasms
  A giant cockroach (D:1)
  3 goblins (D:1)
  5 hobgoblins
  2 jackals (D:1)
  A quokka (D:1)
  A ball python (D:1)
  2 bats
  3 frilled lizards (D:1)
  2 kobolds (D:1)
  7 rats
32 creatures vanquished.

Vanquished Creatures (others)
  94 foxfires
94 creatures vanquished.

Grand Total: 126 creatures vanquished

Notes
Turn   | Place    | Note
-------+----------+-------------------------------------------
     0 | D:1      | lmSkywalker the Djinni Fire Elementalist began the quest
                  | for the Orb.
     0 | D:1      | Reached XP level 1. HP: 15/15 MP: 0/0
    34 | D:1      | Reached XP level 2. HP: 9/21 MP: 0/0
   302 | D:1      | Reached skill level 3 in Spellcasting
   514 | D:1      | Reached XP level 3. HP: 24/25 MP: 0/0
   514 | D:1      | Learned a level 1 spell: Apportation
  1234 | D:2      | Found a runed translucent door.
  1235 | D:2      | Noticed Crazy Yiuf
  1351 | D:2      | Found a faded altar of an unknown god.
  1376 | D:2      | Noticed Natasha
  1378 | D:2      | Killed Natasha
  1379 | D:2      | Reached XP level 4. HP: 24/31 MP: 0/0
  1657 | D:2      | Noticed Natasha
  1679 | D:2      | Killed from afar by Natasha

Illustrated notes

Levels and vault maps discovered:
D:1:      psy_arrival_terrarium, layout_rooms
D:2:      layout_basic, basic_ecumenical_altar, uniq_natasha,
          uniq_crazy_yiuf_cottage

Skill      XL: |  1  2 |
---------------+-------+-----
Spellcasting   | 3 |  3.8
Dodging        | |  2.1
Stealth        | |  1.5

Action                   |  1- 3 |  4- 6 || total
-------------------------+-------+-------++-------
Melee: Whip              |     6 |       ||     6
 Cast: Foxfire           |    49 |    10 ||    59
       Scorch            |     2 |     4 ||     6
Armor: Robe              |     1 |     3 ||     4
Dodge: Dodged            |     2 |     5 ||     7

Table legend: (Time is in decaauts)
 A = Elapsed time spent in this place.
 B = Non-inter-level travel time spent in this place.
 C = Inter-level travel time spent in this place.
 D = Time resting spent in this place.
 E = Time spent auto-exploring this place.
 F = Levels seen in this place.
 G = Mean time per level.
                   A        B        C        D        E       F      G
               +--------+--------+--------+--------+--------+-----+--------+
         Total |   1678 |   1602 |     76 |     59 |   1191 |   2 |  839.0 |
       Dungeon |   1678 |   1602 |     76 |     59 |   1191 |   2 |  839.0 |
               +--------+--------+--------+--------+--------+-----+--------+

Top non-repeatable levels by time:
     D:2: 850 daAuts
     D:1: 827 daAuts
